 Dungeon Crawl Stone Soup version 0.30.0-17-ge0270778cf (webtiles) character file.

Game seed: 11114461315106785313

107 monsoonserge the Cutter (level 4, -12/27 HPs)
             Began as a Deep Elf Berserker on May 21, 2023.
             Was a Follower of Lugonu.
             Mangled by a polar bear (19 damage)
             ... created by the rage of Trog
             ... on level 3 of the Dungeon.
             The game lasted 00:07:00 (1653 turns).

monsoonserge the Cutter (Deep Elf Berserker)        Turns: 1653, Time: 00:07:03

Health: -12/27     AC:  4    Str: 14    XL:     4   Next: 57%
Magic:  2/8        EV: 12    Int: 14    God:    Lugonu [*.....]
Gold:   76         SH:  0    Dex: 14    Spells: 4/6 levels left

rFire   . . .        a - +0 short sword
rCold   . . .        (no shield)
rNeg    . . .        p - +0 leather armour
rPois   .            l - +0 helmet
rElec   .            (no cloak)
rCorr   .            (no gloves)
SInv    .            (no boots)
Will    .....        (no amulet)
Stlth   ++           (no ring)
HPRegen 0.24/turn    (no ring)
MPRegen 0.11/turn

%: no passive effects
@: very slightly contaminated
A: no striking features
a: Renounce Religion, Depart the Abyss


You were on level 3 of the Dungeon.
You worshipped Lugonu.
Lugonu was aware of your devotion.
You visited 1 branch of the dungeon, and saw 3 of its levels.

You collected 76 gold pieces.

Inventory:

Hand Weapons
 a - a +0 short sword (weapon)
Missiles
 d - a throwing net
 n - 5 boomerangs (quivered)
Armour
 j - the +0 cloak of Bailocucs {rPois rF- MP-9 SInv}
   (You found it on level 2 of the Dungeon)

   rF:        It makes you vulnerable to fire.
   rPois:     It protects you from poison.
   MP:        It affects your magic capacity (-9).
   SInv:      It lets you see invisible.
 l - a +0 helmet (worn)
 o - a +0 scale mail
 p - a +0 leather armour (worn)
Wands
 b - a wand of digging (6)
Scrolls
 f - a scroll of immolation {unknown}
 g - a scroll of identify {unknown}
 h - a scroll of enchant armour {unknown}
 k - a scroll of magic mapping {unknown}
Potions
 e - 2 potions of curing
 i - a potion of resistance {unknown}
 m - a potion of flight {unknown}
 q - a potion of lignification {unknown}
 r - a potion of mutation {unknown}


   Skills:
 + Level 2.9 Fighting
 + Level 3.7 Short Blades
 * Level 1.7 Armour
 + Level 3.1 Dodging
 + Level 2.2 Stealth
 * Level 1.5 Spellcasting
 * Level 1.0 Fire Magic


You had 4 spell levels left.
You knew the following spells:

 Your Spells              Type           Power      Damage    Failure   Level
a - Scorch                Fire           8%         2d5       30%         2

Your spell library contained the following spells:

 Spells                   Type           Power      Damage    Failure   Level
 Flame Wave               Conj/Fire      2%         2d4       94%         4
 Summon Cactus Giant      Summ           0%         N/A       100%        6


Dungeon Overview and Level Annotations

Branches:
Dungeon (3/15)

Altars:
Okawaru
Lugonu


Message History

You are engulfed in a cloud of soporific spores!
You are unaffected.
You hit the sleepcap.
The sleepcap is heavily damaged.
You hit the sleepcap.
The sleepcap is heavily damaged.
The sleepcap releases spores at you!
* * * LOW HITPOINT WARNING * * *
You are engulfed in a cloud of soporific spores!
You are unaffected.
Unknown command.
You hit the sleepcap.
The sleepcap is heavily damaged.
The sleepcap barely misses you. Trog sends monsters to punish you.
Lugonu does not welcome meddling.
The polar bear is devoured by a tear in reality. x2
The sleepcap is devoured by a tear in reality.
Lugonu claims a new guest.
The divine experience drains your vigour!
You feel yourself slow down.
Your Fire Magic skill increases to level 1!
A black bear and a polar bear come into view.
Okay, then.
The black bear attacks as you move away!
The black bear bites you!
* * * LOW HITPOINT WARNING * * *
The black bear closely misses you. The black bear barely misses you.
You feel yourself speed up.
Okay, then.
Okay, then.
It was a potion of curing.
You feel better.
As you read the scroll labelled FIFICH BUGERGH, it crumbles to dust.
You hear a loud clanging noise!
It was a scroll of noise.
The polar bear closely misses you. The polar bear barely misses you.
The polar bear claws you but does no damage.
The polar bear bites you!!
Ouch! That really hurt!
You die...

..## #...
...# ...#
#..#
##..#
+.§.##
#@..###.#
#h#.....#
#h§..####
#§##.#
#.# # #.#
#######.#
........#
######..#
#


You could see a polar bear (berserk) and a black bear (berserk).

Vanquished Creatures
  3 adders (D:2)
  A worm (D:3)
  4 dart slugs
  4 ball pythons
  3 giant cockroaches
  4 goblins
  2 hobgoblins
  3 jackals (D:1)
  2 quokkas
  6 bats
  A frilled lizard (D:1)
  4 kobolds
  6 rats
43 creatures vanquished.

Notes
Turn   | Place    | Note
-------+----------+-------------------------------------------
     0 | D:1      | monsoonserge the Deep Elf Berserker began the quest for the
                  | Orb.
     0 | D:1      | Reached XP level 1. HP: 13/13 MP: 3/3
   227 | D:1      | Reached XP level 2. HP: 15/18 MP: 4/4
   493 | D:1      | Reached skill level 1 in Stealth
   721 | D:2      | Found a faded altar of an unknown god.
   754 | D:2      | Prayed at the altar of an unknown god.
   754 | D:2      | Fell from the grace of Trog
   754 | D:2      | Became a worshipper of Lugonu the Unformed
   754 | D:2      | Reached * piety under Lugonu
   819 | D:2      | Reached XP level 3. HP: 10/22 MP: 5/5
   833 | D:2      | Learned a level 2 spell: Scorch
  1267 | D:2      | Reached XP level 4. HP: 26/27 MP: 1/7
  1272 | D:2      | Identified the +0 cloak of Bailocucs {rPois rF- MP-9 SInv}
  1509 | D:3      | Found an iron altar of Okawaru.
  1623 | D:3      | Reached skill level 1 in Spellcasting
  1649 | D:3      | Banished a polar bear
  1649 | D:3      | Banished a polar bear
  1650 | D:3      | Reached skill level 1 in Fire Magic
  1650 | D:3      | Noticed a black bear
  1650 | D:3      | Noticed a polar bear
  1651 | D:3      | HP: 1/27 [black bear[the rage of Trog] (7)]
  1653 | D:3      | Mangled by a polar bear

Illustrated notes

Levels and vault maps discovered:
D:1:      dpeg_arrival_chambers_temple_mockup, layout_basic,
          minmay_tiny_reverse_x
D:2:      layout_basic, shapermc_ecumenical_altar_starsandcircs
D:3:      layout_loops_ring, mainiacjoe_overflow_chevrons,
          mainiacjoe_overflow_24_doors, uniq_ijyb

Skill      XL: |  1  2  3  4 |
---------------+-------------+-----
Stealth        | 1 2 |  2.2
Dodging        | 3 |  3.1
Spellcasting   | 1 |  1.5
Fire Magic     | 1 |  1.0
Fighting       | |  2.9
Short Blades   | |  3.7
Armour         | |  1.7

Action                     |  1- 3 |  4- 6 || total
---------------------------+-------+-------++-------
  Melee: Short sword       |   125 |    51 ||   176
   Cast: Scorch            |     5 |     3 ||     8
 Invoke: Berserk           |     2 |       ||     2
    Use: Scroll            |       |     1 ||     1
         Potion            |       |     1 ||     1
   Stab: Sleeping          |     3 |       ||     3
 Armour: Animal skin       |    19 |     4 ||    23
         Leather armour    |       |    10 ||    10
  Dodge: Dodged            |    81 |    32 ||   113
